 Dungeon Crawl Stone Soup version 0.29.1-15-g9cfb28693d (webtiles) character file.

Game seed: 2663567608700156519

66 growler the Insei (level 4, 0/32 HPs)
             Began as a Merfolk Transmuter on May 2, 2023.
             Slain by Natasha (2 damage)
             ... on level 2 of the Dungeon.
             The game lasted 00:03:41 (3070 turns).

growler the Insei (Merfolk Transmuter)              Turns: 3070, Time: 00:03:42

Health: 0/32       AC:  2    Str: 10    XL:     4   Next: 15%
Magic:  8/8        EV: 12    Int: 14    God:
Gold:   90         SH:  0    Dex: 14    Spells: 5/8 levels left

rFire   . . .      SeeInvis .     - Unarmed
rCold   . . .      Faith    .   (no shield)
rNeg    . . .      Spirit   .   a - +0 robe
rPois   .          Reflect  .   (helmet currently unavailable)
rElec   .          Harm     .   (no cloak)
rCorr   .          Rampage  .   (no gloves)
Will    .....                   (boots currently unavailable)
Stlth   +.........              (no amulet)
HPRegen 0.10/turn               (no ring)
MPRegen 0.11/turn               (no ring)

@: appendages (expiring), slowed, very slow
A: horns 2, (nimble swimmer 2), mertail
a: End Transformation


You were on level 2 of the Dungeon.
You had temporarily grown beastly horns.
You visited 1 branch of the dungeon, and saw 2 of its levels.

You collected 90 gold pieces.

Inventory:

Armour
 a - a +0 robe (worn)
Scrolls
 c - a scroll of brand weapon {unknown}
 d - 5 scrolls of identify {unknown}
 e - a scroll of teleportation {unknown}
 f - a scroll of summoning {unknown}
 g - a scroll of silence {unknown}
 h - 2 scrolls of poison {unknown}
 i - a scroll of noise {unknown}
 j - 2 scrolls of vulnerability {unknown}
 k - a scroll of amnesia {unknown}
Potions
 b - a potion of curing {unknown}


   Skills:
 - Level 1.1 Fighting
 - Level 2.6 Dodging
 + Level 4.1 Unarmed Combat
 + Level 2.8 Spellcasting
 + Level 3.9 Transmutations


You had 5 spell levels left.
You knew the following spells:

 Your Spells              Type           Power      Damage    Failure   Level
a - Beastly Appendage     Tmut           24%        N/A       4%          1
b - Wereblood             Tmut           12%        N/A       7%          2

Your spell library contained the following spells:

 Spells                   Type           Power      Damage    Failure   Level
 Spider Form              Tmut/Pois      7%         N/A       30%         3
 Ice Form                 Ice/Tmut       7%         N/A       69%         4


Dungeon Overview and Level Annotations

Branches:
Dungeon (2/15)

Altars:

Annotations:
D:2 Natasha


Innate Abilities, Weirdness & Mutations

You have temporarily grown beastly horns.
((You are very nimble when in or above water. (Stealth+, EV+, Speed+++)))
Your lower body shifts to a powerful aquatic tail in water.


Message History

The hobgoblin attacks as you move away! The hobgoblin hits you.
The hobgoblin closely misses you. The hobgoblin attacks as you move away!
The hobgoblin closely misses you. Natasha attacks as you move away!
Natasha closely misses you. Natasha barely misses you.
The orc hits you with a +0 dagger. Natasha misses you.
The orc hits you with a +0 dagger. The hobgoblin barely misses you.
You closely miss the orc. Natasha barely misses you. The orc misses you.
The hobgoblin barely misses you.
You hit the orc. Your headbutt misses the orc.
The orc is lightly wounded.
Natasha closely misses you. The hobgoblin hits you. The orc closely misses you.
Natasha closely misses you.
You hit the orc but do no damage.
The orc is lightly wounded.
The hobgoblin completely misses you. The orc completely misses you.
Natasha casts a spell.
The hobgoblin hits you. The orc hits you with a +0 dagger.
You hit the orc.
You kill the orc!
Natasha claws you!
* * * LOW HITPOINT WARNING * * *
The hobgoblin closely misses you. Natasha claws you but does no damage.
Things that are here:
a +0 dagger; an orc corpse
Okay, then.
You barely miss Natasha.
Natasha is lightly wounded.
Your transformation is almost over.
Natasha barely misses you.
You hit Natasha but do no damage. Your punch misses Natasha.
Natasha is lightly wounded.
Natasha misses you. Natasha claws you.
* * * LOW HITPOINT WARNING * * *
Unknown command.
You hit Natasha.
Natasha is moderately wounded.
Natasha claws you.
You die...

...####.######..##.###.#
...# #.# #..##.# #.###
...####†# #..##.# #...###
........# #..##.# #.....
...###### #..##.###...###
...###########..##..........
................##g5........
#...#.########..##gg..).....
#............<..@hr###...###
##..##########..#### ..#
#..).....# #..# .#
###.#####.# #..# ..
....).....# #..# ##
.##.####..# #..# .##.# #..#
#..# .##.# #..####..#####
.##.# #............#


You could see Natasha, a crimson imp (summoned), a quokka, a hobgoblin and a
goblin.

Vanquished Creatures
  3 adders (D:2)
  An orc (D:2)
  4 ball pythons (D:1)
  5 endoplasms
  2 giant cockroaches
  5 goblins
  4 hobgoblins
  A quokka (D:2)
  4 bats
  A frilled lizard (D:2)
  4 kobolds
  3 rats
37 creatures vanquished.

Notes
Turn   | Place    | Note
-------+----------+-------------------------------------------
     0 | D:1      | growler the Merfolk Transmuter began the quest for the Orb.
     0 | D:1      | Reached XP level 1. HP: 15/15 MP: 3/3
   382 | D:1      | Reached XP level 2. HP: 21/21 MP: 5/5
   385 | D:1      | Learned a level 2 spell: Wereblood
   626 | D:1      | Found a faded altar of an unknown god.
  1818 | D:2      | Reached XP level 3. HP: 5/26 MP: 6/6
  2570 | D:2      | Reached skill level 4 in Unarmed Combat
  2688 | D:2      | Reached XP level 4. HP: 9/32 MP: 8/8
  3052 | D:2      | Noticed Natasha
  3069 | D:2      | HP: 1/32 [Natasha (4)]
  3070 | D:2      | Slain by Natasha

Illustrated notes

Levels and vault maps discovered:
D:1:      ebering_trefoil_3fold, layout_basic, basic_ecumenical_altar,
          serial_bayou_lake_a
D:2:      cheibrodos_pilgrimage, layout_loops_ring, uniq_jessica, uniq_natasha,
          uniq_crazy_yiuf_cottage

Skill      XL: |  1  2  3 |
---------------+----------+-----
Transmutations | 3 |  3.9
Unarmed Combat | 4 |  4.1
Fighting       | |  1.1
Dodging        | |  2.6
Spellcasting   | |  2.8

Action                   |  1- 3 |  4- 6 || total
-------------------------+-------+-------++-------
Melee: Unarmed           |   141 |    12 ||   153
       Headbutt          |     4 |     2 ||     6
       Tailslap          |     1 |       ||     1
       Punch             |     3 |       ||     3
 Cast: Beastly Appendage |     8 |     4 ||    12
  Use: Potion            |     1 |       ||     1
 Stab: Sleeping          |     5 |       ||     5
Armor: Robe              |    31 |     2 ||    33
Dodge: Dodged            |    93 |    20 ||   113
